 Dungeon Crawl Stone Soup version 0.30-a0-632-g346586fe48 (webtiles) character file.

Game seed: 12470728277936634045

69 OTABOTABOTAB the Conjurer (level 4, 24/24 HPs)
             Began as a Deep Elf Conjurer on Jan 13, 2023.
             Quit the game on level 2 of the Dungeon.
             The game lasted 00:02:01 (1346 turns).

OTABOTABOTAB the Conjurer (Deep Elf Conjurer)       Turns: 1346, Time: 00:02:02

Health: 24/24      AC:  2    Str:  4    XL:     4   Next: 2%
Magic:  5/12       EV: 12    Int: 25    God:
Gold:   63         SH:  0    Dex: 13    Spells: 5/11 levels left

rFire   . . .      SeeInvis .    b - +0 dagger
rCold   . . .      Faith    .    (no shield)
rNeg    . . .      Spirit   .    a - +0 robe
rPois   +          Reflect  .    (no helmet)
rElec   .          Harm     .    (no cloak)
rCorr   .          Rampage  .    (no gloves)
Will    .....                    (no boots)
Stlth   ++                       i - amulet of the acrobat
HPRegen 0.24/turn                P - ring of poison resistance {rPois, !d}
MPRegen 0.13/turn                (no ring)

@: no status effects
A: no striking features
a: no special abilities


You were on level 2 of the Dungeon.
You visited 1 branch of the dungeon, and saw 2 of its levels.

You collected 63 gold pieces.

Inventory:

Hand Weapons
 b - a +0 dagger (weapon)
   (You took it off a kobold on level 1 of the Dungeon)
Missiles
 d - 3 poisoned darts
 s - 20 stones
Armour
 a - a +0 robe (worn)
Jewellery
 i - an amulet of the acrobat (around neck)
   (You found it on level 1 of the Dungeon)
 P - a ring of poison resistance (left hand) {rPois, !d}
   (You found it on level 1 of the Dungeon)
Scrolls
 c - a scroll of enchant weapon {unknown}
 f - a scroll of identify {unknown}
 g - a scroll of blinking {unknown}
 h - a scroll of summoning {unknown}
 j - a scroll of poison {unknown}
Potions
 e - a potion of mutation {unknown}
 M - a potion of magic


   Skills:
 - Level 2.4 Dodging
 - Level 2.4 Stealth
 + Level 4.1 Spellcasting
 * Level 5.6 Conjurations


You had 5 spell levels left.
You knew the following spells:

 Your Spells              Type           Power      Damage    Failure   Level
a - Magic Dart            Conj           100%       1d8       1%          1
b - Searing Ray           Conj           66%        2d6       1%          2
c - Hailstorm             Conj/Ice       19%        3d6       9%          3

Your spell library contained the following spells:

 Spells                   Type           Power      Damage    Failure   Level
 Dazzling Flash           Conj/Hex       38%        N/A       9%          3
 Fulminant Prism          Conj/Hex       9%         3d7       28%         4
 Iskenderun's Mystic Bla  Conj/Tloc      19%        2d6       28%         4
 Ice Form                 Ice/Tmut       5%         N/A       65%         4
 Petrify                  Tmut/Erth      5%         N/A       65%         4
 Metabolic Englaciation   Hex/Ice        2%         N/A       94%         5
 Simulacrum               Ice/Necr       2%         N/A       100%        6
 Statue Form              Tmut/Erth      3%         N/A       100%        6


Dungeon Overview and Level Annotations

Branches:
Dungeon (2/15)

Altars:


Message History

You now have 5/8 mp.
Aim: an adder (almost dead, 66% to hit)
The searing ray hits the adder!
You kill the adder! (Press . to maintain the ray.)
You have reached level 3!
Your experience leads to an increase in your attributes!
Increase (s)trength, (i)ntelligence, or (d)exterity?
You feel clever. x2
Health restored: 19 You now have 3/10 mp.
You open the door.
Found a stone staircase leading down.
MP restored: 10
There is an open door here.
Terence the Incautious comes into view.
He is wielding a +0 flail.
The magic dart hits Terence but does no damage.
Terence shouts!
You now have 9/10 mp.
The magic dart hits Terence.
You now have 8/10 mp.
You can't see any susceptible monsters within range! (Use Z to cast anyway.) Unknown command.
The magic dart hits Terence but does no damage.
You now have 7/10 mp.
Aim: Terence, wielding a +0 flail and wearing a +0 chain mail (moderately wounded, 85% to hit)
The searing ray hits Terence. (Press . to maintain the ray.)
You now have 5/10 mp.
The searing ray hits Terence!
You now have 4/10 mp.
The searing ray hits Terence!
You kill Terence!
Your Spellcasting skill increases to level 4!
You now have 3/10 mp.
You finish channelling your searing ray.
You now have 2/10 mp.
Unknown command.
You now have 63 gold pieces (gained 8).
There is a stone staircase leading down here.
j - a scroll labelled HIYZER DOBOU MP restored: 10 A goblin, a worm and a rat come into view.
The magic dart hits the worm.
You now have 9/10 mp.
The magic dart hits the worm.
You now have 8/10 mp.
The magic dart hits the worm!
You now have 7/10 mp.
The magic dart hits the worm.
You now have 6/10 mp.
The magic dart hits the goblin.
You now have 5/10 mp.
The magic dart hits the goblin.
You kill the goblin!
You now have 4/10 mp.
The magic dart hits the rat.
You kill the rat!
You now have 3/10 mp.
The magic dart hits the worm.
The magic dart hits the worm.
You now have 2/10 mp.
The magic dart hits the worm but does no damage.
You now have 1/10 mp.
The magic dart hits the worm.
You kill the worm!
You now have 0/10 mp.
A ball python comes into view.
MP restored: 10 A ball python is nearby!
The magic dart hits the ball python!
You kill the ball python!
You now have 9/10 mp.
No target in view!
No target in view!
Things that are here:
a +0 dagger; a goblin corpse A worm comes into view.
MP restored: 10 The magic dart hits the worm.
You now have 9/10 mp.
The magic dart hits the worm!
You now have 8/10 mp.
The magic dart hits the worm.
You now have 7/10 mp.
The magic dart hits the worm.
You now have 6/10 mp.
The magic dart hits the worm.
You now have 5/10 mp.
The magic dart hits the worm.
You kill the worm!
You have reached level 4!
You feel clever.
Health restored: 24 You now have 4/12 mp.
This spell is quite dangerous to cast!
Memorise Hailstorm, consuming 3 spell levels and leaving 5?
You start memorising the spell.
You continue memorising. x3
You finish memorising.
Spell assigned to 'c'.
Okay, then.

# .. .## .. #..# ..
#... #. #.†## #.
##.... #. ##..# #.
##.@# # #. ##..##
.## #. #..## #..##.
#. ##..## ##..##..
### ##..##
...##..####..
##..##..##..##....#
##)...##..##..####
#####..##†.##..## #
...##....##..## #


There were no monsters in sight!

Vanquished Creatures
  Terence (D:2)
  An adder (D:2)
  2 worms (D:2)
  A dart slug (D:1)
  2 ball pythons
  2 bats (D:1)
  An endoplasm (D:1)
  2 giant cockroaches (D:1)
  2 goblins
  5 hobgoblins (D:1)
  A frilled lizard (D:1)
  3 kobolds (D:1)
  4 rats
27 creatures vanquished.

Notes
Turn   | Place    | Note
-------+----------+-------------------------------------------
     0 | D:1      | OTABOTABOTAB the Deep Elf Conjurer began the quest for the
                  | Orb.
     0 | D:1      | Reached XP level 1. HP: 10/10 MP: 6/6
   295 | D:1      | Reached XP level 2. HP: 15/15 MP: 5/8
   298 | D:1      | Learned a level 2 spell: Searing Ray
   621 | D:1      | Reached skill level 5 in Conjurations
  1055 | D:2      | Reached XP level 3. HP: 19/19 MP: 3/10
  1116 | D:2      | Noticed Terence
  1122 | D:2      | Killed Terence
  1123 | D:2      | Reached skill level 4 in Spellcasting
  1342 | D:2      | Reached XP level 4. HP: 24/24 MP: 4/12
  1346 | D:2      | Learned a level 3 spell: Hailstorm
  1346 | D:2      | Quit the game

Illustrated notes

Levels and vault maps discovered:
D:1:      dpeg_arrival_yet_another_circle, layout_basic
D:2:      minmay_alternating_diamond, layout_basic, kennysheep_generic_room_8,
          uniq_terence

Skill      XL: |  1  2  3 |
---------------+----------+-----
Conjurations   | 5 |  5.6
Spellcasting   | 4 |  4.1
Dodging        | |  2.4
Stealth        | |  2.4

Action                   |  1- 3 |  4- 6 || total
-------------------------+-------+-------++-------
Melee: Unarmed           |     1 |       ||     1
       Dagger            |     2 |       ||     2
 Cast: Magic Dart        |    60 |       ||    60
       Searing Ray       |     2 |       ||     2
Armor: Robe              |     1 |       ||     1
Dodge: Dodged            |     2 |       ||     2

Table legend: (Time is in decaauts)
 A = Elapsed time spent in this place.
 B = Non-inter-level travel time spent in this place.
 C = Inter-level travel time spent in this place.
 D = Time resting spent in this place.
 E = Time spent auto-exploring this place.
 F = Levels seen in this place.
 G = Mean time per level.
                   A        B        C        D        E       F      G
               +--------+--------+--------+--------+--------+-----+--------+
         Total |   1344 |   1311 |     33 |      0 |   1189 |   2 |  672.0 |
       Dungeon |   1344 |   1311 |     33 |      0 |   1189 |   2 |  672.0 |
               +--------+--------+--------+--------+--------+-----+--------+

Top non-repeatable levels by time:
     D:1: 1030 daAuts
     D:2: 314 daAuts

Table legend:
 A = Kills in this place as a percentage of kills in entire the game.
 B = Kills by you in this place as a percentage of kills by you in the entire game.
 C = Kills by friends in this place as a percentage of kills by friends in the entire game.
 D = Other kills in this place as a percentage of other kills in the entire game.
 E = Experience gained in this place as a percentage of experience gained in the entire game.
 F = Experience gained in this place divided by the number of levels of this place that you have seen.
                   A       B       C       D       E      F
               +-------+-------+-------+-------+-------+----------------------
         Total | 100.0 | 100.0 |   N/A |   N/A | 100.0 |  49.5
       Dungeon | 100.0 | 100.0 |   N/A |   N/A | 100.0 |  49.5
               +-------+-------+-------+-------+-------+----------------------
